 Dungeon Crawl Stone Soup version 0.29-a0-598-gd8304a5bf4 (webtiles) character file.

Game seed: 3834119510464321959

122 IdlyInterested the Ducker (level 4, -3/33 HPs)
             Began as a Demonspawn Gladiator on June 15, 2022.
             Slain by Edmund
             ... wielding a +0 dire flail of protection
              (11 damage)
             ... on level 4 of the Dungeon.
             The game lasted 00:09:08 (3511 turns).

IdlyInterested the Ducker (Demonspawn Gladiator)    Turns: 3511, Time: 00:09:09

Health: -3/33      AC: 12    Str: 14    XL:     4   Next: 78%
Magic:  4/4        EV:  7    Int:  9    God:
Gold:   196        SH:  5    Dex: 17    Spells: 3/3 levels left

rFire   + . .      SeeInvis .   a - +0 trident
rCold   . . .      Faith    .   (no shield)
rNeg    . . .      Spirit   .   i - +0 chain mail
rPois   .          Reflect  +   c - +0 helmet
rElec   .          Harm     .   (no cloak)
rCorr   .          Rampage  .   h - +0 pair of gloves
Will    .....                   (no boots)
Stlth   ..........              p - amulet of reflection
HPRegen 0.11/turn               g - ring of protection from fire
MPRegen 0.18/turn               (no ring)

@: studying Dodging
A: molten scales 1, magic regeneration
a: no special abilities


You were on level 4 of the Dungeon.
You visited 1 branch of the dungeon, and saw 4 of its levels.

You collected 196 gold pieces.

Inventory:

Hand Weapons
 a - a +0 trident (weapon)
Missiles
 f - 159 stones (quivered)
Armour
 b - a +1 leather armour
 c - a +0 helmet (worn)
 h - a +0 pair of gloves (worn)
 i - a +0 chain mail (worn)
 l - a +0 ring mail
Magical Staves
 m - a staff of air
 n - a staff of fire
Jewellery
 g - a ring of protection from fire (left hand)
 p - an amulet of reflection (around neck)
Scrolls
 q - a scroll of teleportation
 r - 2 scrolls of identify
Potions
 k - 3 potions of brilliance
 o - a potion of mutation


   Skills:
 - Level 2.0 Fighting
 * Level 3.8 Polearms
 - Level 1.7 Throwing
 * Level 4.5 Dodging
 + Level 1.7 Stealth
 + Level 0.0 Spellcasting


You had 3 spell levels left.
You didn't know any spells.
Your spell library contained the following spells:

 Spells                   Type           Power      Damage    Failure   Level
 Scorch                   Fire           0%         2d5       100%        2
 Sublimation of Blood     Necr           0%         N/A       100%        2
 Flame Wave               Conj/Fire      0%         2d4       100%        4
 Petrify                  Tmut/Erth      0%         N/A       100%        4
 Irradiate                Conj/Tmut      0%         3d13      100%        5
 Summon Cactus Giant      Summ           0%         N/A       100%        6


Dungeon Overview and Level Annotations

Branches:
Dungeon (4/15)
 Temple: D:4-7

Altars:
Ashenzari
Nemelex Xobeh
Vehumet

Annotations:
D:4 Edmund


Innate Abilities, Weirdness & Mutations

You are partially covered in molten scales. (AC +2)
You regenerate magic rapidly.


Message History

Aim: Edmund, wielding a +0 dire flail of protection, wearing a +0 leather armour and quivering poisoned darts (moderately wounded, poisoned, 60% to hit)
You throw a poisoned dart.
The poisoned dart closely misses Edmund.
The poisoned dart barely misses the hound.
Edmund hits you but does no damage.
You barely miss Edmund.
Edmund is moderately wounded.
Edmund hits you but does no damage.
You hit Edmund.
Edmund is heavily wounded.
Edmund hits you but does no damage.
You puncture Edmund!
Edmund is heavily wounded.
You block Edmund's attack.
Edmund hits you with a +0 dire flail of protection!
You hit Edmund.
Edmund is severely wounded.
Edmund hits you with a +0 dire flail of protection!
* * * LOW HITPOINT WARNING * * *
You hit Edmund.
Edmund is almost dead.
Edmund hits you with a +0 dire flail of protection.
* * * LOW HITPOINT WARNING * * *
You barely miss Edmund.
Edmund is almost dead.
Edmund looks more healthy.
Edmund closely misses you.
You barely miss Edmund.
Edmund is almost dead.
Edmund hits you with a +0 dire flail of protection.
* * * LOW HITPOINT WARNING * * *
Throw: javelin
Press: ? - help, Shift-Dir - straight line, f/p - Edmund
Aim: Edmund, wielding a +0 dire flail of protection, wearing a +0 leather armour and quivering poisoned darts (almost dead, 60% to hit)
You throw a javelin. The javelin closely misses Edmund.
The javelin completely misses the hound.
You block Edmund's attack.
You hit Edmund but do no damage.
Edmund is almost dead.
Edmund hits you with a +0 dire flail of protection!
You die...

#.#.# #.###..#
#.#.# #.###..#
#.#.# #..#..##
#..#.
###..#..# ..#
# >...._..#
##. ###..#..##
# #..#...#
#.###..######
#.###(h@@...#
#..###.#####.#
........# #
.#.....##
##.... #.....
.##..#


You could see Edmund and a hound.

Vanquished Creatures
  A howler monkey (D:4)
  2 adders
  2 worms
  2 orcs
  5 ball pythons
  3 endoplasms
  A giant cockroach (D:4)
  8 goblins
  4 hobgoblins
  4 jackals (D:3)
  4 quokkas
  4 bats
  5 frilled lizards
  5 kobolds
  4 rats
54 creatures vanquished.

Notes
Turn   | Place    | Note
-------+----------+-------------------------------------------
     0 | D:1      | IdlyInterested the Demonspawn Gladiator began the quest for
                  | the Orb.
     0 | D:1      | Reached XP level 1. HP: 16/16 MP: 1/1
   702 | D:1      | Gained mutation: You are partially covered in molten
                  | scales. (AC +2) [demonic ancestry]
   702 | D:1      | Reached XP level 2. HP: 17/22 MP: 2/2
   866 | D:1      | Reached skill level 3 in Dodging
  1336 | D:2      | Reached skill level 1 in Stealth
  1336 | D:2      | Reached XP level 3. HP: 19/27 MP: 3/3
  1537 | D:2      | Found a sparkling altar of Nemelex Xobeh.
  2623 | D:3      | Found a faded altar of an unknown god.
  3290 | D:4      | Reached skill level 4 in Dodging
  3290 | D:4      | Gained mutation: You regenerate magic rapidly. [demonic
                  | ancestry]
  3290 | D:4      | Reached XP level 4. HP: 32/33 MP: 4/4
  3447 | D:4      | Found a radiant altar of Vehumet.
  3464 | D:4      | Found a broken altar of Ashenzari.
  3473 | D:4      | Noticed Edmund
  3511 | D:4      | Slain by Edmund

Illustrated notes

Levels and vault maps discovered:
D:1:      evilmike_arrival_plus, layout_basic
D:2:      layout_loops_ring, basic_altar
D:3:      layout_basic, ebering_ecumenical_altar_sacrificial, roderic_lattice_a,
          nrook_loot_triangle
D:4:      layout_loops_ring, mainiacjoe_overflow_tiny_flanked,
          cheibrodos_ashenzari_chains, minmay_temple_entry_large_hall,
          uniq_crazy_yiuf_cottage, uniq_grinder, uniq_edmund

Skill      XL: |  1  2  3 |
---------------+----------+-----
Polearms       | 3 |  3.8
Dodging        | 3 4 |  4.5
Stealth        | 1 |  1.7
Fighting       | |  2.0
Throwing       | |  1.7

Action                   |  1- 3 |  4- 6 || total
-------------------------+-------+-------++-------
Melee: Trident           |   189 |    60 ||   249
       Punch             |     1 |       ||     1
Throw: Stone             |     7 |       ||     7
       Throwing net      |       |     5 ||     5
       Dart              |       |     3 ||     3
       Javelin           |       |     1 ||     1
  Use: Potion            |     5 |       ||     5
       Scroll            |     6 |       ||     6
 Stab: Sleeping          |     1 |       ||     1
       Held in net/web   |       |     2 ||     2
Armor: Leather armour    |    54 |       ||    54
       Chain mail        |    35 |    17 ||    52
Dodge: Dodged            |   116 |    12 ||   128
Block: Other             |     6 |     5 ||    11

Table legend: (Time is in decaauts)
 A = Elapsed time spent in this place.
 B = Non-inter-level travel time spent in this place.
 C = Inter-level travel time spent in this place.
 D = Time resting spent in this place.
 E = Time spent auto-exploring this place.
 F = Levels seen in this place.
 G = Mean time per level.
                   A        B        C        D        E       F      G
               +--------+--------+--------+--------+--------+-----+--------+
         Total |   3552 |   3516 |     36 |    774 |   2009 |   4 |  888.0 |
       Dungeon |   3552 |   3516 |     36 |    774 |   2009 |   4 |  888.0 |
               +--------+--------+--------+--------+--------+-----+--------+

Top non-repeatable levels by time:
     D:1: 1233 daAuts
     D:2: 1057 daAuts
     D:3: 1008 daAuts
     D:4: 253 daAuts
